 Dungeon Crawl Stone Soup version 0.21.1-1-g345015fe64 (webtiles) character file.

149 JOKERXD40 the Chopper (level 5, -10/47 HPs)
             Began as a Hill Orc Monk on June 15, 2018.
             Mangled by an ogre
             ... wielding a cursed -2 giant club
              (12 damage)
             ... on level 4 of the Dungeon.
             The game lasted 00:07:47 (2448 turns).

JOKERXD40 the Chopper (Hill Orc Monk)               Turns: 2448, Time: 00:07:47

Health: -10/47     AC:  8    Str: 13 (15) XL:     5   Next: 31%
Magic:  5/5        EV:  6    Int: 13 (15) God:
Gold:   86         SH:  0    Dex: 12 (13) Spells: 4/4 levels left

rFire    . . .     SeeInvis .   a - +0 hand axe
rCold    . . .     Gourm    .   (no shield)
rNeg     . . .     Faith    .   l - +0 chain mail
rPois    .         Spirit   .   (no helmet)
rElec    .         Reflect  .   (no cloak)
rCorr    .         Harm     .   (no gloves)
MR       .....                  (no boots)
Stlth    ..........             (no amulet)
HPRegen  0.15/turn              (no ring)
MPRegen  0.09/turn              (no ring)

@: brilliant
A: no striking features
a: no special abilities


You were on level 4 of the Dungeon.
You were not hungry.

You visited 2 branches of the dungeon, and saw 5 of its levels.

You collected 86 gold pieces.

Inventory:

Hand Weapons
 a - a +0 hand axe (weapon)
Missiles
 f - 59 stones
 h - 2 tomahawks of returning (quivered)
Armour
 b - a +0 robe
 l - a +0 chain mail (worn)
Jewellery
 n - an uncursed ring of stealth {unknown}
 o - a cursed ring of teleportation {unknown}
 v - a cursed -3 ring of dexterity {unknown}
Wands
 r - a wand of acid (8)
Scrolls
 d - a scroll of random uselessness
 g - 2 scrolls of teleportation
 j - a scroll of remove curse {unknown}
 m - a scroll of enchant armour {unknown}
 q - a scroll of immolation {unknown}
 t - a scroll of noise {unknown}
 u - a scroll of identify {unknown}
Potions
 e - a potion of degeneration
 i - a potion of brilliance
 k - 2 potions of lignification {unknown}
 p - a potion of agility {unknown}
 s - a potion of curing {unknown}
Comestibles
 c - 8 rations
 w - 3 chunks of flesh


   Skills:
 + Level 4.3 Fighting
 + Level 5.7 Axes
 + Level 1.5 Armour
 + Level 3.2 Dodging
 + Level 1.8 Stealth


You had 4 spell levels left.
You didn't know any spells.

Dungeon Overview and Level Annotations

Branches:
Dungeon (4/15)             Temple (1/1) D:4

Altars:
Ashenzari
Dithmenos
Gozag
Nemelex Xobeh
Okawaru
Ru
Trog
Uskayaw
Vehumet
Wu Jian
Xom
Yredelemnul
Zin


Message History

You are too injured to fight recklessly!
You are too injured to fight recklessly!
The ogre hits you with a giant club!!
* * * LOW HITPOINT WARNING * * *
You climb downwards.
Welcome back to the Ecumenical Temple!
There is a staircase back to the Dungeon here.
Okay, then.
It was a potion of degeneration.
There was something very wrong with that liquid.
You feel weakened.
You feel dopey.
You feel clumsy.
It was a potion of brilliance.
You feel clever all of a sudden. The ogre barely misses you.
Unknown command.
The ogre barely misses you.
You climb upwards.
Welcome back to the Dungeon!
There is a staircase to the Ecumenical Temple, spattered with blood here.
You can't go up here!
The ogre hits you with a giant club!
You die...

...##...........# ##.
..........##....## #...#
..........# .....##....#
...##.....###..........#
...##...#..............#
...##..##......§§≈.....%
.......##.....≈≈§§≈..#
.##....#..#..≈≈O≈§≈§.#
.##......####§§§@≈§≈.#
..#.....## #.≈§§≈§≈≈.#
#......## #...≈≈§§≈...#
.......# #.....≈§§....#
....##.....###....###...
###. ###..# #...... ..
.# ##. ##..... . #.
#...###


You could see an ogre.

Vanquished Creatures
  An orc wizard (D:3)
  5 adders
  An ooze (D:3)
  A worm (D:3)
  A dart slug (D:1)
  3 leopard geckos
  2 orcs (D:3)
  2 ball pythons
  3 bats
  2 giant cockroaches
  10 goblins
  9 hobgoblins
  8 jackals
  3 frilled lizards
  3 kobolds
  5 rats
59 creatures vanquished.

Notes
Turn   | Place    | Note
-------+----------+-------------------------------------------
     0 | D:1      | JOKERXD40 the Hill Orc Monk began the quest for the Orb.
     0 | D:1      | Reached XP level 1. HP: 19/19 MP: 1/1
   190 | D:1      | Reached XP level 2. HP: 18/27 MP: 2/2
   687 | D:1      | Reached XP level 3. HP: 21/33 MP: 3/3
   791 | D:1      | You fall through a shaft!
   791 | D:2      | Found a faded altar of an unknown god.
  1402 | D:2      | Reached skill level 5 in Axes
  1402 | D:2      | Reached XP level 4. HP: 39/40 MP: 4/4
  1771 | D:3      | Noticed an ogre
  1790 | D:3      | Reached skill level 1 in Armour
  1799 | D:3      | Found a sparkling altar of Nemelex Xobeh.
  1853 | D:3      | Reached XP level 5. HP: 26/47 MP: 5/5
  1898 | D:3      | Found a sacrificial altar of Ru.
  2199 | D:4      | Noticed an ogre
  2212 | D:4      | Found a staircase to the Ecumenical Temple.
  2223 | Temple   | Entered the Ecumenical Temple
  2442 | D:4      | HP: 1/47 [ogre/giant club (18)]
  2448 | D:4      | Mangled by an ogre

Skill      XL: |  1  2  3  4 |
---------------+-------------+-----
Fighting       | 4 |  4.3
Dodging        | 3 |  3.2
Axes           | 5 |  5.7
Armour         | 1 |  1.5
Stealth        | |  1.8

Action                   |  1- 3 |  4- 6 || total
-------------------------+-------+-------++-------
Melee: Hand axe          |   116 |   109 ||   225
  Use: Scroll            |       |     2 ||     2
       Potion            |       |     2 ||     2
 Stab: Sleeping          |     2 |       ||     2
       Invisible         |       |     1 ||     1
  Eat: Chunk             |     2 |     3 ||     5
Armor: Robe              |    16 |       ||    16
       Chain mail        |    12 |    62 ||    74
Dodge: Dodged            |   106 |    42 ||   148
